 Dungeon Crawl Stone Soup version 0.29-a0-495-g17b79114eb (webtiles) character file.

Game seed: 9529456143312863571

5 croobank the Stinger (level 1, -1/11 HPs)
             Began as an Octopode Venom Mage on May 27, 2022.
             Slain by a jackal (3 damage)
             ... on level 1 of the Dungeon.
             The game lasted 00:00:43 (204 turns).

croobank the Stinger (Octopode Venom Mage)           Turns: 204, Time: 00:00:45

Health: -1/11      AC:  1    Str:  7    XL:     1   Next: 80%
Magic:  0/3        EV: 13    Int: 17    God:
Gold:   12         SH:  0    Dex: 12    Spells: 3/4 levels left

rFire   . . .      SeeInvis .   (no weapon)
rCold   . . .      Faith    .   (no shield)
rNeg    . . .      Spirit   .   (helmet restricted)
rPois   .          Reflect  .   (no amulet)
rElec   .          Harm     .   (no ring)
rCorr   .          Rampage  .   (no ring)
Will    .....                   (no ring)
Stlth   +++.......              (no ring)
HPRegen 0.03/turn               (no ring)
MPRegen 0.08/turn               (no ring)
                                (no ring)
                                (no ring)

@: no status effects
A: almost no armour, amphibious, 8 rings, camouflage 1, gelatinous body 1,
(nimble swimmer 1), tentacles
a: no special abilities


You were on level 1 of the Dungeon.
You visited 1 branch of the dungeon, and saw 1 of its levels.

You collected 12 gold pieces.

Inventory:

Missiles
 c - 37 stones
 f - 3 poisoned darts
Armour
 e - a +0 buckler
Scrolls
 b - a scroll of enchant weapon {unknown}
 d - a scroll of poison {unknown}
Potions
 a - a potion of magic


   Skills:
 + Level 2.1 Dodging
 + Level 2.9 Stealth
 + Level 2.0 Spellcasting
 + Level 1.1 Transmutations
 + Level 3.7 Poison Magic


You had 3 spell levels left.
You knew the following spells:

 Your Spells              Type           Power      Damage    Failure   Level
a - Sting                 Tmut/Pois      40%        1d5       7%          1

Your spell library contained the following spells:

 Spells                   Type           Power      Damage    Failure   Level
 Poisonous Vapours        Pois/Air       16%        N/A       14%         2
 Mephitic Cloud           Conj/Pois/Air  6%         N/A       34%         3
 Olgreb's Toxic Radiance  Pois           14%        N/A       38%         4


Dungeon Overview and Level Annotations

Branches:
Dungeon (1/15)

Altars:


Innate Abilities, Weirdness & Mutations

You cannot wear most types of armour.
You are amphibious.
You can wear up to eight rings at the same time.
Your skin changes colour to match your surroundings (Stealth+).
Your rubbery body absorbs attacks. (AC +1, EV +1)
((You are camouflaged when in or above water. (Stealth+)))
You have tentacles for arms and can constrict up to eight enemies at once.


Message History

Found a stone staircase leading down.
Casting: Sting (safe; 7% risk of failure)
Confirm with . or Enter, or press ? or * to list all spells.
Aiming: Sting (safe; 7% risk of failure)
Press: ? - help, Shift-Dir - straight line, f - jackal
Aim: a jackal (asleep, 100% to hit)
The sting hits the jackal.
The jackal is poisoned.
The jackal is heavily wounded.
The jackal barks! x2; You hear an angry hiss.
The jackal bites you but does no damage. x2
The jackal closely misses you.
A frilled lizard comes into view.
Casting: Sting (safe; 7% risk of failure)
Confirm with . or Enter, or press ? or * to list all spells.
Aiming: Sting (safe; 7% risk of failure)
Press: ? - help, Shift-Dir - straight line, f/p - jackal
Aim: a jackal (severely wounded, poisoned, 60% to hit)
The sting misses the jackal.
The jackal bites you. The jackal misses you.
You barely miss the jackal. Your grab misses the jackal.
The jackal is severely wounded.
The jackal bites you. The jackal closely misses you.
The jackal barely misses you. x2
You barely miss the jackal. Your grab misses the jackal.
You squeeze the jackal, but do no damage.
The jackal is severely wounded.
The jackal bites you. x2
You are too injured to fight recklessly!
The jackal attacks as you move away! The jackal bites you.
* * * LOW HITPOINT WARNING * * *
You kill the jackal!
The jackal barely misses you.
Casting: Sting (safe; 7% risk of failure)
Confirm with . or Enter, or press ? or * to list all spells.
Aiming: Sting (safe; 7% risk of failure)
Press: ? - help, Shift-Dir - straight line, f - jackal
Aim: a jackal (64% to hit)
The sting hits the jackal.
The jackal is poisoned.
The jackal is heavily wounded.
The jackal bites you.
You die...

#.# ## #.# #. #.#
#. #.# #.##.# .
#..#.#### ..
####......## ...
#....#.##..# ....
#......###@# .....
#####...##h##......
##..##B..l.....
#...#.†.......
#...##.#......
#...##........
##..#####.....
##..# #...> #..#
##..


You could see a jackal (poisoned) and a giant cockroach.

Vanquished Creatures
  A ball python (D:1)
  An endoplasm (D:1)
  A jackal (D:1)
  A bat (D:1)
  A kobold (D:1)
5 creatures vanquished.

Notes
Turn   | Place    | Note
-------+----------+-------------------------------------------
     0 | D:1      | croobank the Octopode Venom Mage began the quest for the
                  | Orb.
     0 | D:1      | Reached XP level 1. HP: 11/11 MP: 3/3
   204 | D:1      | Slain by a jackal

Illustrated notes

Levels and vault maps discovered:
D:1:      sevenhm_arrival_forest_fort_large_2, layout_rooms,
          dreamdust_ecumenical_altar_drowned_temple, minmay_octomino_c4

Action                   || total
-------------------------++-------
Melee: Unarmed           ||     7
       Constrict         ||     2
       Tentacles         ||     1
 Cast: Sting             ||     8
Armor: Skin              ||     2
Dodge: Dodged            ||    12

Table legend: (Time is in decaauts)
 A = Elapsed time spent in this place.
 B = Non-inter-level travel time spent in this place.
 C = Inter-level travel time spent in this place.
 D = Time resting spent in this place.
 E = Time spent auto-exploring this place.
 F = Levels seen in this place.
 G = Mean time per level.
                   A        B        C        D        E       F      G
               +--------+--------+--------+--------+--------+-----+--------+
         Total |    204 |    204 |      0 |      0 |    157 |   1 |  204.0 |
       Dungeon |    204 |    204 |      0 |      0 |    157 |   1 |  204.0 |
               +--------+--------+--------+--------+--------+-----+--------+

Top non-repeatable levels by time:
     D:1: 204 daAuts
